 Dungeon Crawl Stone Soup version 0.27-a0-419-g7a85846853 (webtiles) character file.

Game seed: 6706083582168830414

93 Chiseanne the Sneak (level 4, -2/34 HPs)
             Began as a Demonspawn Wanderer on Feb 26, 2021.
             Slain by a water moccasin (5 damage)
             ... in a sewer.
             The game lasted 00:03:22 (2934 turns).

Chiseanne the Sneak (Demonspawn Wanderer)           Turns: 2934, Time: 00:03:22

Health: -2/34      AC: 10    Str: 14    XL:     4   Next: 36%
Magic:  6/6        EV:  9    Int: 12    God:
Gold:   108        SH:  0    Dex: 13    Spells: 6/7 levels left

rFire    . . .     SeeInvis .   a - +3 spear
rCold    . . .     Faith    .   (no shield)
rNeg     . . .     Spirit   .   h - +1 scale mail
rPois    .         Reflect  .   i - +1 hat
rElec    .         Harm     .   (no cloak)
rCorr    .         Rampage  .   (no gloves)
Will     .....                  (no boots)
Stlth    +.........             (no amulet)
HPRegen  0.11/turn              (no ring)
MPRegen  0.10/turn              (no ring)

@: no status effects
A: talons 1, iridescent scales 1, low mp 1, sense surroundings 1
a: no special abilities


You were in a sewer.
You visited 1 branch of the dungeon, and saw 3 of its levels.
You also visited: Sewer.

You collected 108 gold pieces.

Inventory:

Hand Weapons
 a - a +3 spear (weapon)
Missiles
 b - 71 stones
 d - 16 bolts
 l - a throwing net
 o - 14 sling bullets
 p - 14 arrows
 s - 3 silver javelins
Armour
 c - a +0 pair of gloves
 h - a +1 scale mail (worn)
 i - a +1 hat (worn)


   Skills:
 * Level 2.6 Fighting
 * Level 1.7 Armour
 * Level 2.0 Dodging
 - Level 2.6 Stealth
 - Level 1.0 Shields
 - Level 2.0 Spellcasting
 - Level 1.0 Hexes
 - Level 2.0 Poison Magic


You had 6 spell levels left.
You knew the following spells:

 Your Spells              Type           Power        Failure   Level
a - Sting                 Tmut/Pois      12%          58%         1

Your spell library contained the following spells:

 Spells                   Type           Power        Failure   Level
 Corpse Rot               Necr/Air       N/A          86%         2
 Sublimation of Blood     Necr           0%           86%         2
 Mephitic Cloud           Conj/Pois/Air  2%           95%         3


Dungeon Overview and Level Annotations

Branches:
Dungeon (3/15)              Sewer (1/1)

Altars:
The Shining One


Innate Abilities, Weirdness & Mutations

You are partially covered in iridescent scales. (AC +2)
You have sharp toenails.
Your magical capacity is low. (-10% MP)
You passively map a small area around you.


Message History

The water moccasin bites you.
* * * LOW HITPOINT WARNING * * *
You are more poisoned.
The water moccasin poisons you!
It was a potion of mutation.
You feel extremely strange.
You feel a strange attunement to the structure of the dungeons.
You feel less energetic.
Your toenails lengthen and sharpen.
* * * LOW HITPOINT WARNING * * *
You feel sick. The water moccasin bites you.
* * * LOW HITPOINT WARNING * * *
It was a potion of cancellation.
You feel magically purged.
* * * LOW HITPOINT WARNING * * *
You feel sick.
The water moccasin bites you but does no damage.
It was a potion of curing.
You feel better. The water moccasin misses you.
The water moccasin barely misses you.
Okay, then.
You barely miss the water moccasin.
The water moccasin is heavily wounded.
The water moccasin bites you.
* * * LOW HITPOINT WARNING * * *
You hit the water moccasin.
The water moccasin is severely wounded.
The water moccasin barely misses you. The water moccasin bites you.
* * * LOW HITPOINT WARNING * * *
You hit the water moccasin but do no damage.
The water moccasin is severely wounded.
The water moccasin bites you but does no damage.
The water moccasin bites you.
* * * LOW HITPOINT WARNING * * *
You hit the water moccasin. Your kick misses the water moccasin.
The water moccasin is severely wounded.
The water moccasin bites you but does no damage.
You miss the water moccasin. Your kick misses the water moccasin.
The water moccasin is severely wounded.
The water moccasin bites you but does no damage. x2
You barely miss the water moccasin.
The water moccasin is severely wounded.
The water moccasin bites you.
You die...

, #..$)$..#
#.......#
#.......# .......
..... * ... * *
#S# ####### #@#
##.....## #.#
##...≈.†.#
#.#######...≈≈≈†..
#..........≈≈≈≈≈.∩
#.#######...≈≈≈...
#.# ##...≈...# #.#
##.....## #.#
####### #.#


You could see a water moccasin.

Vanquished Creatures
  4 adders
  3 worms (D:3)
  2 dart slugs
  A leopard gecko (D:2)
  A ball python (D:3)
  A giant cockroach (D:1)
  5 goblins
  6 hobgoblins
  4 jackals (D:1)
  7 bats
  3 frilled lizards (D:1)
  5 kobolds
  A rat (D:1)
43 creatures vanquished.

Notes
Turn   | Place    | Note
-------+----------+-------------------------------------------
     0 | D:1      | Chiseanne the Demonspawn Wanderer began the quest for the
                  | Orb.
     0 | D:1      | Chiseanne set off with the following items: a +2 spear, a
                  | +0 robe, a +0 dagger; and the following spell memorised:
                  | Sting; and the following spells available to memorise:
                  | Corpse Rot, Sublimation of Blood, Mephitic Cloud
     0 | D:1      | Reached XP level 1. HP: 15/15 MP: 3/3
   425 | D:1      | Gained mutation: You are partially covered in iridescent
                  | scales. (AC +2) [demonic ancestry]
   425 | D:1      | Reached XP level 2. HP: 15/21 MP: 5/5
   657 | D:1      | Reached skill level 1 in Dodging
  1668 | D:2      | Reached skill level 1 in Armour
  1668 | D:2      | Reached XP level 3. HP: 22/27 MP: 6/6
  2340 | D:2      | Found a glowing golden altar of the Shining One.
  2455 | D:2      | Found a faded altar of an unknown god.
  2697 | D:3      | Reached XP level 4. HP: 30/34 MP: 7/7
  2789 | D:3      | Found a glowing drain.
  2836 | Sewer    | Entered a sewer
  2916 | Sewer    | Noticed a water moccasin
  2926 | Sewer    | Gained mutation: You passively map a small area around you.
                  | [potion of mutation]
  2926 | Sewer    | Gained mutation: Your magical capacity is low. (-10% MP)
                  | [potion of mutation]
  2926 | Sewer    | Gained mutation: You have sharp toenails. [potion of
                  | mutation]
  2934 | Sewer    | Slain by a water moccasin

Illustrated notes

Levels and vault maps discovered:
D:1:      erik_arrival_cave_to_civilisation [erik_arrival_cave_to_temple],
          layout_basic
D:2:      mumra_celtic_spiral_tile, layout_loops_ring,
          nicolae_overflow_hidden_temple,
          chequers_ecumenical_altar_simple_redux, kennysheep_cluttered_room
D:3:      layout_loops_ring, cheibrodos_sewer_entry_sluice, minmay_misc_feat_iff
Sewer:    sewer_big_baddie

Skill      XL: |  1  2  3  4 |
---------------+-------------+-----
Dodging        | 1 2 |  2.0
Fighting       | 2 |  2.6
Armour         | 1 |  1.7
Stealth        | |  2.6
Shields        | |  1.0
Spellcasting   | |  2.0
Hexes          | |  1.0
Poison Magic   | |  2.0

Action                   |  1- 3 |  4- 6 || total
-------------------------+-------+-------++-------
Melee: Spear             |   100 |    48 ||   148
  Use: Scroll            |     5 |       ||     5
       Potion            |       |     4 ||     4
Armor: Scale mail        |    49 |    32 ||    81
Dodge: Dodged            |    39 |    13 ||    52

Table legend: (Time is in decaauts)
 A = Elapsed time spent in this place.
 B = Non-inter-level travel time spent in this place.
 C = Inter-level travel time spent in this place.
 D = Time resting spent in this place.
 E = Time spent auto-exploring this place.
 F = Levels seen in this place.
 G = Mean time per level.
                   A        B        C        D        E       F      G
               +--------+--------+--------+--------+--------+-----+--------+
         Total |   2951 |   2818 |    133 |    286 |   2166 |   4 |  737.8 |
       Dungeon |   2851 |   2718 |    133 |    234 |   2151 |   3 |  950.3 |
         Sewer |    100 |    100 |      0 |     52 |     15 |   1 |  100.0 |
               +--------+--------+--------+--------+--------+-----+--------+

Top non-repeatable levels by time:
     D:1: 1440 daAuts
     D:2: 1201 daAuts
     D:3: 209 daAuts
   Sewer: 100 daAuts
